[ AOE2 MATCH · #480094516 ]
Team RMLithuanians vs Georgians
Player's team · WIN
[ REPLAY ANALYSIS · EXTRACTED FROM THE RECORDED GAME ]
Feudal
10:58
Castle
14:53
Imperial
32:48
| APM avg | 21.9 |
| APM peak | 83 |
| eAPM avg | 9.8 |
| Villagers / military | 125 / 81 |
Focus
⚔️ 18.3% · 🌾 81.7%
Leitis ×70 · Trade Cart ×11 · Monk ×6 · Scout Cavalry ×5
Feudal
10:38
Castle
14:12
Imperial
28:33
| APM avg | 38.3 |
| APM peak | 129 |
| eAPM avg | 15.0 |
| Villagers / military | 131 / 135 |
Focus
⚔️ 28.7% · 🌾 71.3%
Steppe Lancer ×135 · Trade Cart ×37
Feudal
—
Castle
—
Imperial
—
| APM avg | 17.4 |
| APM peak | 46 |
| eAPM avg | 14.9 |
| Villagers / military | 188 / 613 |
Focus
⚔️ 29.1% · 🌾 70.9%
Spearman ×408 · Huskarl ×199 · Trebuchet (Packed) ×4 · Monk ×2
Feudal
11:03
Castle
14:34
Imperial
29:29
| APM avg | 27.8 |
| APM peak | 70 |
| eAPM avg | 20.4 |
| Villagers / military | 165 / 175 |
Focus
⚔️ 39.5% · 🌾 60.5%
Militia ×102 · Fire Lancer ×61 · Trade Cart ×22 · Battering Ram ×8 · Unknown (1923) ×3 · Trebuchet (Packed) ×2
Feudal
12:57
Castle
18:41
Imperial
35:00
| APM avg | 14.7 |
| APM peak | 33 |
| eAPM avg | 9.9 |
| Villagers / military | 126 / 90 |
Focus
⚔️ 17.7% · 🌾 82.3%
Huskarl ×85 · Spearman ×4 · Monk ×1
Feudal
12:27
Castle
20:38
Imperial
35:20
| APM avg | 10.1 |
| APM peak | 36 |
| eAPM avg | 8.1 |
| Villagers / military | 86 / 51 |
Focus
⚔️ 21.4% · 🌾 78.6%
Camel Scout ×17 · Skirmisher ×16 · War Elephant ×13 · Spearman ×4 · Monk ×1
Feudal
11:08
Castle
15:03
Imperial
29:21
| APM avg | 27.1 |
| APM peak | 57 |
| eAPM avg | 16.9 |
| Villagers / military | 109 / 321 |
Focus
⚔️ 55.9% · 🌾 44.1%
Chu Ko Nu ×127 · Scout Cavalry ×112 · Fire Lancer ×71 · Battering Ram ×10 · Monk ×1
Feudal
12:20
Castle
28:32
Imperial
41:12
| APM avg | 7.7 |
| APM peak | 37 |
| eAPM avg | 6.7 |
| Villagers / military | 75 / 44 |
Focus
⚔️ 28.6% · 🌾 71.4%
Knight ×42 · Trade Cart ×28 · Scout Cavalry ×1 · Trebuchet (Packed) ×1
Match map
Initial resources + every placement click. Lines = walls · curves = elevation contours. ◆ gold · ⬟ stone · ● berries · ✦ relic · ◌ wall gap
Your base· ✓ Closed at 14:53 · 0t walls · 2 gate(s)
stone wall cleaner's base· ✓ Closed at 14:12 · 0t walls · 2 gate(s)
Real ninja7238's base· ✓ Closed at 12:32 · 0t walls · 2 gate(s)
stone wall elite's base· ✓ Closed at 14:34 · 0t walls · 2 gate(s)
shadowdxg's base· ✓ Closed at 18:41 · 1t walls · 2 gate(s)
2100's base· ✓ Closed at 20:38 · 0t walls · 2 gate(s)
欢迎关注b站西里斯's base· ✓ Closed at 15:03 · 0t walls · 2 gate(s)
d-kop's base· ✓ Closed at 28:32 · 0t walls · 3 gate(s)
Smoothed initial terrain · ◌ = detected wall gap · hover for details
Inputs per minute
— 洋小蛋 - - stone wall cleaner
Build order — 洋小蛋
First 150 of 329 actions detected
| 0:02 | Create | Villager (Male) |
| 0:02 | Create | Villager (Male) |
| 0:04 | Build | House |
| 0:06 | Build | House |
| 0:42 | Create | Villager (Male) |
| 0:42 | Create | Villager (Male) |
| 0:42 | Create | Villager (Male) |
| 0:42 | Create | Villager (Male) |
| 0:43 | Create | Villager (Male) |
| 1:41 | Create | Villager (Male) |
| 1:41 | Create | Villager (Male) |
| 1:50 | Build | Lumber Camp |
| 2:16 | Create | Villager (Male) |
| 2:17 | Create | Villager (Male) |
| 2:57 | Create | Villager (Male) |
| 2:57 | Create | Villager (Male) |
| 3:28 | Build | House |
| 3:29 | Build | House |
| 3:38 | Create | Villager (Male) |
| 3:38 | Create | Villager (Male) |
| 4:08 | Create | Villager (Male) |
| 4:09 | Create | Villager (Male) |
| 4:38 | Build | Mill |
| 4:51 | Create | Villager (Male) |
| 5:05 | Create | Villager (Male) |
| 5:05 | Create | Villager (Male) |
| 5:05 | Create | Villager (Male) |
| 5:26 | Create | Villager (Male) |
| 5:52 | Create | Villager (Male) |
| 5:52 | Create | Villager (Male) |
| 7:15 | Build | Farm |
| 7:33 | Create | Villager (Male) |
| 7:34 | Create | Villager (Male) |
| 7:37 | Build | Farm |
| 7:48 | Create | Villager (Male) |
| 8:10 | Build | Farm |
| 8:21 | Research | Feudal Age |
| 8:29 | Build | Mining Camp |
| 9:17 | Build | Barracks |
| 9:18 | Build | House |
| 9:52 | Create | Villager (Male) |
| 9:52 | Create | Villager (Male) |
| 10:58 | Age | Feudal Age |
| 11:02 | Build | Blacksmith |
| 11:10 | Build | Stable |
| 12:13 | Research | Castle Age |
| 12:24 | Build | House |
| 12:53 | Research | Horse Collar |
| 13:13 | Research | Double-Bit Axe |
| 13:13 | Research | Double-Bit Axe |
| 13:47 | Research | Bloodlines |
| 13:58 | Research | Loom |
| 14:53 | Age | Castle Age |
| 14:55 | Build | Monastery |
| 15:06 | Build | Farm |
| 15:07 | Build | Farm |
| 15:09 | Build | Farm |
| 15:13 | Build | Farm |
| 15:15 | Create | Villager (Male) |
| 15:20 | Research | Light Cavalry (upgrade) |
| 15:44 | Create | Monk |
| 15:47 | Build | House |
| 15:47 | Create | Villager (Male) |
| 15:48 | Create | Villager (Male) |
| 15:50 | Build | Farm |
| 15:57 | Build | Town Center |
| 16:07 | Create | Scout Cavalry |
| 16:17 | Build | Farm |
| 16:20 | Build | House |
| 16:23 | Create | Villager (Male) |
| 16:35 | Create | Monk |
| 16:53 | Build | Farm |
| 16:55 | Create | Scout Cavalry |
| 16:58 | Build | House |
| 17:02 | Build | House |
| 17:12 | Create | Villager (Male) |
| 17:16 | Build | Farm |
| 17:30 | Create | Villager (Male) |
| 17:33 | Build | House |
| 17:48 | Build | Farm |
| 17:52 | Create | Monk |
| 17:58 | Create | Villager (Male) |
| 17:58 | Create | Villager (Male) |
| 17:58 | Create | Villager (Male) |
| 18:09 | Build | Farm |
| 18:16 | Create | Villager (Male) |
| 18:21 | Create | Scout Cavalry |
| 18:22 | Create | Scout Cavalry |
| 18:28 | Build | House |
| 18:34 | Build | Farm |
| 18:53 | Create | Villager (Male) |
| 18:53 | Create | Villager (Male) |
| 18:57 | Build | Farm |
| 19:21 | Create | Villager (Male) |
| 19:22 | Create | Villager (Male) |
| 19:22 | Create | Villager (Male) |
| 19:24 | Create | Monk |
| 19:30 | Build | House |
| 19:40 | Build | Farm |
| 19:53 | Create | Villager (Male) |
| 19:53 | Create | Villager (Male) |
| 19:58 | Build | Farm |
| 20:06 | Build | Town Center |
| 20:15 | Create | Monk |
| 20:16 | Create | Villager (Male) |
| 20:16 | Create | Villager (Male) |
| 20:19 | Build | House |
| 20:50 | Build | Farm |
| 20:56 | Build | Farm |
| 21:05 | Create | Villager (Male) |
| 21:05 | Create | Villager (Male) |
| 21:07 | Build | Farm |
| 21:32 | Create | Villager (Male) |
| 21:32 | Create | Villager (Male) |
| 21:33 | Create | Villager (Male) |
| 21:33 | Create | Villager (Male) |
| 21:38 | Build | House |
| 21:59 | Create | Monk |
| 22:14 | Build | Farm |
| 22:17 | Build | Farm |
| 22:35 | Create | Villager (Male) |
| 22:35 | Create | Villager (Male) |
| 22:35 | Create | Villager (Male) |
| 22:36 | Create | Villager (Male) |
| 23:05 | Create | Scout Cavalry |
| 23:38 | Create | Villager (Male) |
| 23:38 | Create | Villager (Male) |
| 23:50 | Create | Villager (Male) |
| 23:50 | Create | Villager (Male) |
| 23:50 | Create | Villager (Male) |
| 23:54 | Build | House |
| 23:58 | Build | Farm |
| 24:00 | Build | Farm |
| 24:01 | Build | Farm |
| 24:11 | Create | Villager (Male) |
| 24:11 | Create | Villager (Male) |
| 24:15 | Build | Farm |
| 24:50 | Create | Villager (Male) |
| 24:50 | Create | Villager (Male) |
| 24:50 | Create | Villager (Male) |
| 24:57 | Build | House |
| 25:07 | Research | Wheelbarrow |
| 25:26 | Create | Villager (Male) |
| 25:26 | Create | Villager (Male) |
| 25:27 | Create | Villager (Male) |
| 25:27 | Create | Villager (Male) |
| 25:27 | Create | Villager (Male) |
| 25:33 | Build | Farm |
| 25:35 | Build | Farm |
| 25:39 | Build | Farm |
Build order — stone wall cleaner
First 150 of 416 actions detected
| 0:07 | Create | Villager (Male) |
| 0:09 | Build | House |
| 0:11 | Build | House |
| 0:28 | Create | Villager (Male) |
| 0:29 | Create | Villager (Male) |
| 0:29 | Create | Villager (Male) |
| 0:30 | Create | Villager (Male) |
| 1:33 | Create | Villager (Male) |
| 1:52 | Build | Lumber Camp |
| 1:55 | Create | Villager (Male) |
| 2:16 | Create | Villager (Male) |
| 2:41 | Create | Villager (Male) |
| 3:21 | Create | Villager (Male) |
| 3:21 | Create | Villager (Male) |
| 3:33 | Build | House |
| 3:33 | Build | House |
| 3:39 | Create | Villager (Male) |
| 4:06 | Create | Villager (Male) |
| 4:16 | Build | House |
| 4:16 | Build | House |
| 4:27 | Create | Villager (Male) |
| 4:46 | Build | Mill |
| 5:06 | Create | Villager (Male) |
| 5:06 | Create | Villager (Male) |
| 5:07 | Create | Villager (Male) |
| 5:53 | Create | Villager (Male) |
| 6:23 | Create | Villager (Male) |
| 6:23 | Create | Villager (Male) |
| 6:24 | Create | Villager (Male) |
| 6:50 | Build | Farm |
| 6:55 | Create | Villager (Male) |
| 6:55 | Create | Villager (Male) |
| 7:16 | Build | Farm |
| 7:41 | Build | Farm |
| 8:10 | Build | Mining Camp |
| 8:16 | Research | Feudal Age |
| 9:05 | Create | Villager (Male) |
| 9:05 | Create | Villager (Male) |
| 10:38 | Age | Feudal Age |
| 10:44 | Build | Market |
| 10:47 | Build | Blacksmith |
| 11:32 | Research | Castle Age |
| 11:38 | Research | Horse Collar |
| 12:06 | Research | Double-Bit Axe |
| 12:24 | Create | Villager (Male) |
| 14:12 | Age | Castle Age |
| 14:14 | Build | Town Center |
| 14:17 | Build | Town Center |
| 14:21 | Research | Bow Saw |
| 14:23 | Create | Villager (Male) |
| 14:24 | Research | Wheelbarrow |
| 14:41 | Build | House |
| 14:42 | Build | House |
| 14:51 | Build | Farm |
| 14:52 | Create | Villager (Male) |
| 15:08 | Build | Farm |
| 15:12 | Build | Farm |
| 15:20 | Build | Farm |
| 15:28 | Build | House |
| 15:40 | Build | Farm |
| 15:50 | Create | Villager (Male) |
| 15:53 | Create | Villager (Male) |
| 15:55 | Create | Villager (Male) |
| 15:55 | Create | Villager (Male) |
| 15:58 | Build | Farm |
| 16:01 | Create | Villager (Male) |
| 16:06 | Build | Farm |
| 16:12 | Create | Villager (Male) |
| 16:12 | Create | Villager (Male) |
| 16:17 | Build | Farm |
| 16:21 | Build | House |
| 16:34 | Build | Farm |
| 16:35 | Create | Villager (Male) |
| 16:41 | Build | Farm |
| 16:50 | Create | Villager (Male) |
| 16:53 | Build | House |
| 16:54 | Build | House |
| 17:05 | Build | Farm |
| 17:06 | Create | Villager (Male) |
| 17:10 | Build | Farm |
| 17:14 | Build | Farm |
| 17:15 | Create | Villager (Male) |
| 17:23 | Create | Villager (Male) |
| 17:28 | Build | Farm |
| 17:35 | Create | Villager (Male) |
| 17:44 | Build | Farm |
| 17:45 | Create | Villager (Male) |
| 17:49 | Build | House |
| 17:50 | Build | House |
| 17:51 | Build | House |
| 17:58 | Create | Villager (Male) |
| 18:09 | Create | Villager (Male) |
| 18:10 | Create | Villager (Male) |
| 18:19 | Create | Villager (Male) |
| 18:19 | Create | Villager (Male) |
| 18:31 | Create | Villager (Male) |
| 18:35 | Build | Town Center |
| 18:37 | Create | Villager (Male) |
| 18:37 | Create | Villager (Male) |
| 18:39 | Create | Villager (Male) |
| 18:45 | Build | Farm |
| 18:47 | Create | Villager (Male) |
| 18:49 | Build | Farm |
| 18:59 | Create | Villager (Male) |
| 19:01 | Build | Farm |
| 19:04 | Build | Farm |
| 19:11 | Create | Villager (Male) |
| 19:13 | Build | Farm |
| 19:21 | Create | Villager (Male) |
| 19:30 | Build | House |
| 19:31 | Build | House |
| 19:34 | Create | Villager (Male) |
| 19:34 | Create | Villager (Male) |
| 19:43 | Build | House |
| 19:44 | Build | House |
| 19:53 | Create | Villager (Male) |
| 19:53 | Create | Villager (Male) |
| 19:53 | Create | Villager (Male) |
| 20:01 | Create | Villager (Male) |
| 20:15 | Create | Villager (Male) |
| 20:20 | Build | Farm |
| 20:21 | Build | Farm |
| 20:22 | Build | Farm |
| 20:23 | Create | Villager (Male) |
| 20:25 | Build | Farm |
| 20:26 | Build | Farm |
| 20:28 | Build | Farm |
| 20:30 | Create | Villager (Male) |
| 20:30 | Create | Villager (Male) |
| 20:34 | Build | Farm |
| 20:37 | Build | Farm |
| 20:42 | Create | Villager (Male) |
| 20:44 | Build | Farm |
| 20:46 | Build | Farm |
| 20:47 | Create | Villager (Male) |
| 20:49 | Create | Villager (Male) |
| 20:56 | Build | Mining Camp |
| 21:03 | Create | Villager (Male) |
| 21:03 | Create | Villager (Male) |
| 21:06 | Build | House |
| 21:07 | Build | House |
| 21:08 | Build | House |
| 21:09 | Create | Villager (Male) |
| 21:10 | Create | Villager (Male) |
| 21:12 | Build | Farm |
| 21:14 | Create | Villager (Male) |
| 21:18 | Build | Farm |
| 21:22 | Create | Villager (Male) |
| 21:24 | Build | Farm |
| 21:29 | Build | Farm |
Build order — Real ninja7238
First 150 of 551 actions detected
| 0:01 | Create | Villager (Male) |
| 0:01 | Create | Villager (Male) |
| 0:02 | Create | Villager (Male) |
| 0:02 | Create | Villager (Male) |
| 0:02 | Create | Villager (Male) |
| 0:02 | Create | Villager (Male) |
| 0:04 | Build | House |
| 0:05 | Build | House |
| 0:09 | Build | House |
| 1:36 | Create | Villager (Male) |
| 2:12 | Create | Villager (Male) |
| 2:12 | Create | Villager (Male) |
| 2:34 | Create | Villager (Male) |
| 2:43 | Build | Lumber Camp |
| 2:57 | Create | Villager (Male) |
| 2:57 | Create | Villager (Male) |
| 3:14 | Create | Villager (Male) |
| 3:15 | Create | Villager (Male) |
| 3:40 | Create | Villager (Male) |
| 3:40 | Create | Villager (Male) |
| 3:41 | Create | Villager (Male) |
| 4:19 | Create | Villager (Male) |
| 4:19 | Create | Villager (Male) |
| 4:45 | Create | Villager (Male) |
| 4:45 | Create | Villager (Male) |
| 5:10 | Create | Villager (Male) |
| 5:32 | Create | Villager (Male) |
| 5:32 | Create | Villager (Male) |
| 5:32 | Create | Villager (Male) |
| 5:32 | Create | Villager (Male) |
| 6:23 | Create | Villager (Male) |
| 6:29 | Build | House |
| 6:31 | Build | House |
| 6:41 | Create | Villager (Male) |
| 7:20 | Create | Villager (Male) |
| 7:20 | Create | Villager (Male) |
| 7:37 | Build | Mill |
| 7:50 | Create | Villager (Male) |
| 8:10 | Build | Mining Camp |
| 8:51 | Create | Villager (Male) |
| 9:14 | Research | Feudal Age |
| 10:05 | Build | Farm |
| 10:06 | Build | Farm |
| 11:23 | Create | Villager (Male) |
| 11:23 | Create | Villager (Male) |
| 11:37 | Build | Market |
| 11:44 | Build | Blacksmith |
| 12:22 | Build | Lumber Camp |
| 12:32 | Research | Castle Age |
| 13:12 | Research | Double-Bit Axe |
| 13:16 | Research | Horse Collar |
| 13:36 | Build | Farm |
| 13:59 | Build | Farm |
| 14:01 | Build | Farm |
| 14:09 | Build | Farm |
| 14:32 | Research | Loom |
| 14:35 | Research | Town Watch |
| 14:47 | Create | Villager (Male) |
| 14:47 | Create | Villager (Male) |
| 15:05 | Build | Farm |
| 15:07 | Build | Farm |
| 15:09 | Build | Farm |
| 15:12 | Create | Villager (Male) |
| 15:12 | Create | Villager (Male) |
| 15:21 | Build | Town Center |
| 15:36 | Build | Monastery |
| 15:43 | Create | Villager (Male) |
| 16:03 | Research | Bow Saw |
| 16:11 | Build | Farm |
| 16:32 | Create | Monk |
| 16:32 | Create | Monk |
| 16:38 | Build | House |
| 16:42 | Build | House |
| 16:45 | Create | Villager (Male) |
| 16:45 | Create | Villager (Male) |
| 16:46 | Create | Villager (Male) |
| 17:23 | Build | House |
| 17:25 | Build | House |
| 17:26 | Build | House |
| 17:31 | Create | Villager (Male) |
| 17:31 | Create | Villager (Male) |
| 17:31 | Create | Villager (Male) |
| 17:46 | Build | Town Center |
| 18:01 | Create | Villager (Male) |
| 18:25 | Build | Barracks |
| 18:43 | Create | Villager (Male) |
| 18:43 | Create | Villager (Male) |
| 18:44 | Create | Villager (Male) |
| 18:44 | Create | Villager (Male) |
| 18:47 | Build | Farm |
| 18:49 | Build | Farm |
| 18:50 | Build | Farm |
| 18:57 | Build | Farm |
| 18:57 | Build | Farm |
| 18:57 | Build | Farm |
| 18:57 | Build | Farm |
| 18:58 | Build | Farm |
| 18:58 | Build | Farm |
| 19:05 | Build | Farm |
| 19:36 | Build | Farm |
| 19:38 | Build | Farm |
| 19:43 | Create | Villager (Male) |
| 19:44 | Create | Villager (Male) |
| 19:44 | Create | Villager (Male) |
| 19:44 | Create | Villager (Male) |
| 19:45 | Create | Villager (Male) |
| 19:45 | Create | Villager (Male) |
| 20:00 | Create | Spearman |
| 20:00 | Create | Spearman |
| 20:01 | Create | Spearman |
| 20:10 | Create | Villager (Male) |
| 20:10 | Create | Villager (Male) |
| 20:20 | Create | Villager (Male) |
| 20:20 | Create | Villager (Male) |
| 20:22 | Create | Villager (Male) |
| 20:40 | Create | Villager (Male) |
| 20:40 | Create | Villager (Male) |
| 20:40 | Create | Villager (Male) |
| 21:07 | Create | Villager (Male) |
| 21:08 | Create | Villager (Male) |
| 21:09 | Create | Villager (Male) |
| 21:09 | Create | Villager (Male) |
| 21:17 | Build | Farm |
| 21:19 | Build | Farm |
| 21:23 | Create | Villager (Male) |
| 21:34 | Build | Mill |
| 21:35 | Build | Farm |
| 21:35 | Build | Farm |
| 21:36 | Build | Farm |
| 21:36 | Build | Farm |
| 21:36 | Build | Farm |
| 21:36 | Build | Farm |
| 21:36 | Build | Farm |
| 21:42 | Create | Villager (Male) |
| 21:42 | Create | Villager (Male) |
| 21:43 | Create | Villager (Male) |
| 21:43 | Create | Villager (Male) |
| 22:03 | Create | Villager (Male) |
| 22:04 | Create | Villager (Male) |
| 22:04 | Create | Villager (Male) |
| 22:04 | Create | Villager (Male) |
| 22:30 | Create | Villager (Male) |
| 22:32 | Create | Villager (Male) |
| 22:33 | Create | Villager (Male) |
| 22:34 | Create | Villager (Male) |
| 22:39 | Research | Gold Mining |
| 22:47 | Build | House |
| 22:49 | Build | House |
| 22:51 | Build | House |
| 22:53 | Build | House |
Build order — stone wall elite
First 150 of 555 actions detected
| 0:01 | Create | Villager (Male) |
| 0:01 | Create | Villager (Male) |
| 0:04 | Build | House |
| 0:05 | Build | House |
| 0:06 | Create | Villager (Male) |
| 0:06 | Create | Villager (Male) |
| 1:32 | Create | Villager (Male) |
| 1:33 | Create | Villager (Male) |
| 2:02 | Create | Villager (Male) |
| 2:19 | Build | Lumber Camp |
| 2:22 | Create | Villager (Male) |
| 2:22 | Create | Villager (Male) |
| 2:57 | Create | Villager (Male) |
| 2:57 | Create | Villager (Male) |
| 2:57 | Create | Villager (Male) |
| 3:48 | Create | Villager (Male) |
| 3:48 | Create | Villager (Male) |
| 3:48 | Create | Villager (Male) |
| 3:59 | Build | House |
| 4:00 | Build | House |
| 4:01 | Build | House |
| 4:17 | Build | House |
| 4:54 | Create | Villager (Male) |
| 4:55 | Create | Villager (Male) |
| 4:55 | Create | Villager (Male) |
| 5:22 | Create | Villager (Male) |
| 5:36 | Build | Mill |
| 6:13 | Create | Villager (Male) |
| 6:14 | Create | Villager (Male) |
| 6:59 | Create | Villager (Male) |
| 7:29 | Create | Villager (Male) |
| 7:56 | Create | Villager (Male) |
| 8:07 | Create | Villager (Male) |
| 8:14 | Build | Pasture |
| 8:21 | Build | Lumber Camp |
| 8:33 | Build | Mining Camp |
| 8:43 | Research | Feudal Age |
| 9:54 | Create | Villager (Male) |
| 9:54 | Create | Villager (Male) |
| 11:03 | Age | Feudal Age |
| 11:07 | Build | Blacksmith |
| 11:11 | Build | Market |
| 11:54 | Research | Castle Age |
| 11:54 | Research | Castle Age |
| 12:07 | Research | Double-Bit Axe |
| 12:24 | Build | House |
| 12:25 | Build | House |
| 12:52 | Research | Tech 1014 |
| 13:17 | Build | Pasture |
| 13:56 | Create | Villager (Male) |
| 14:34 | Age | Castle Age |
| 14:38 | Build | Town Center |
| 14:41 | Build | Town Center |
| 14:46 | Build | Pasture |
| 14:59 | Create | Villager (Male) |
| 15:00 | Create | Villager (Male) |
| 15:10 | Build | Pasture |
| 15:20 | Create | Villager (Male) |
| 15:33 | Build | Pasture |
| 15:37 | Create | Villager (Male) |
| 16:01 | Create | Villager (Male) |
| 16:01 | Create | Villager (Male) |
| 16:01 | Create | Villager (Male) |
| 16:01 | Create | Villager (Male) |
| 16:07 | Build | Pasture |
| 16:10 | Create | Villager (Male) |
| 16:13 | Create | Villager (Male) |
| 16:13 | Create | Villager (Male) |
| 16:27 | Build | Pasture |
| 16:30 | Create | Villager (Male) |
| 16:30 | Create | Villager (Male) |
| 16:39 | Create | Villager (Male) |
| 16:50 | Build | Pasture |
| 16:55 | Create | Villager (Male) |
| 16:55 | Create | Villager (Male) |
| 17:10 | Build | Pasture |
| 17:12 | Create | Villager (Male) |
| 17:12 | Create | Villager (Male) |
| 17:12 | Create | Villager (Male) |
| 17:31 | Build | Pasture |
| 17:36 | Create | Villager (Male) |
| 17:36 | Create | Villager (Male) |
| 17:36 | Create | Villager (Male) |
| 17:39 | Build | House |
| 17:42 | Create | Villager (Male) |
| 17:50 | Create | Villager (Male) |
| 17:56 | Create | Villager (Male) |
| 17:56 | Create | Villager (Male) |
| 18:06 | Create | Villager (Male) |
| 18:07 | Create | Villager (Male) |
| 18:16 | Create | Villager (Male) |
| 18:16 | Create | Villager (Male) |
| 18:17 | Create | Villager (Male) |
| 18:17 | Create | Villager (Male) |
| 18:20 | Build | House |
| 18:27 | Build | Town Center |
| 18:32 | Create | Villager (Male) |
| 18:32 | Create | Villager (Male) |
| 18:42 | Build | Pasture |
| 18:44 | Create | Villager (Male) |
| 18:44 | Create | Villager (Male) |
| 18:46 | Build | House |
| 18:49 | Create | Villager (Male) |
| 18:57 | Create | Villager (Male) |
| 19:05 | Build | Pasture |
| 19:07 | Create | Villager (Male) |
| 19:07 | Create | Villager (Male) |
| 19:13 | Create | Villager (Male) |
| 19:17 | Build | House |
| 19:18 | Build | House |
| 19:21 | Create | Villager (Male) |
| 19:21 | Create | Villager (Male) |
| 19:29 | Create | Villager (Male) |
| 19:29 | Create | Villager (Male) |
| 19:33 | Build | Pasture |
| 19:37 | Create | Villager (Male) |
| 19:38 | Create | Villager (Male) |
| 19:43 | Create | Villager (Male) |
| 19:43 | Create | Villager (Male) |
| 19:47 | Build | Pasture |
| 19:50 | Create | Villager (Male) |
| 19:50 | Create | Villager (Male) |
| 19:52 | Build | House |
| 19:57 | Create | Villager (Male) |
| 19:57 | Create | Villager (Male) |
| 20:04 | Create | Villager (Male) |
| 20:08 | Build | House |
| 20:16 | Build | Pasture |
| 20:19 | Create | Villager (Male) |
| 20:26 | Create | Villager (Male) |
| 20:31 | Build | Pasture |
| 20:35 | Create | Villager (Male) |
| 20:41 | Build | Pasture |
| 20:44 | Create | Villager (Male) |
| 20:46 | Research | Bow Saw |
| 20:49 | Research | Wheelbarrow |
| 20:54 | Create | Villager (Male) |
| 20:57 | Build | House |
| 21:07 | Create | Villager (Male) |
| 21:14 | Build | Town Center |
| 21:15 | Create | Villager (Male) |
| 21:15 | Create | Villager (Male) |
| 21:16 | Create | Villager (Male) |
| 21:16 | Create | Villager (Male) |
| 21:16 | Create | Villager (Male) |
| 21:25 | Create | Villager (Male) |
| 21:26 | Create | Villager (Male) |
| 21:26 | Create | Villager (Male) |
| 21:28 | Build | House |
| 21:29 | Create | Villager (Male) |
Build order — shadowdxg
First 150 of 335 actions detected
| 0:05 | Create | Villager (Male) |
| 0:06 | Create | Villager (Male) |
| 0:06 | Create | Villager (Male) |
| 0:06 | Create | Villager (Male) |
| 0:07 | Create | Villager (Male) |
| 0:12 | Build | House |
| 0:14 | Build | House |
| 0:49 | Build | House |
| 0:50 | Build | House |
| 0:51 | Build | House |
| 1:45 | Create | Villager (Male) |
| 1:45 | Create | Villager (Male) |
| 2:22 | Create | Villager (Male) |
| 3:13 | Create | Villager (Male) |
| 3:13 | Create | Villager (Male) |
| 3:35 | Create | Villager (Male) |
| 3:35 | Create | Villager (Male) |
| 4:03 | Create | Villager (Male) |
| 4:04 | Create | Villager (Male) |
| 4:04 | Create | Villager (Male) |
| 4:33 | Create | Villager (Male) |
| 5:30 | Create | Villager (Male) |
| 5:30 | Create | Villager (Male) |
| 5:30 | Create | Villager (Male) |
| 5:54 | Build | Mill |
| 6:09 | Build | Lumber Camp |
| 7:26 | Create | Villager (Male) |
| 7:26 | Create | Villager (Male) |
| 7:27 | Create | Villager (Male) |
| 7:48 | Create | Villager (Male) |
| 7:49 | Create | Villager (Male) |
| 7:49 | Create | Villager (Male) |
| 8:01 | Build | Mining Camp |
| 8:26 | Build | Mining Camp |
| 8:33 | Create | Villager (Male) |
| 8:59 | Create | Villager (Male) |
| 9:37 | Build | Mill |
| 10:48 | Research | Feudal Age |
| 11:33 | Build | Palisade Wall |
| 12:29 | Build | Lumber Camp |
| 12:49 | Build | Mill |
| 12:57 | Age | Feudal Age |
| 14:01 | Research | Double-Bit Axe |
| 14:06 | Create | Villager (Male) |
| 14:13 | Build | Blacksmith |
| 14:39 | Build | Market |
| 14:50 | Create | Villager (Male) |
| 15:31 | Create | Villager (Male) |
| 15:53 | Build | Barracks |
| 16:01 | Research | Castle Age |
| 17:06 | Create | Spearman |
| 17:46 | Research | Horse Collar |
| 18:41 | Age | Castle Age |
| 18:57 | Build | Town Center |
| 19:06 | Build | Town Center |
| 19:12 | Build | Town Center |
| 19:23 | Create | Villager (Male) |
| 19:23 | Create | Villager (Male) |
| 19:24 | Create | Villager (Male) |
| 19:24 | Create | Villager (Male) |
| 19:37 | Research | Heavy Plow |
| 19:41 | Research | Bow Saw |
| 20:17 | Build | Town Center |
| 21:03 | Create | Villager (Male) |
| 21:10 | Research | Gold Mining |
| 21:43 | Build | Monastery |
| 21:49 | Build | University |
| 22:00 | Create | Villager (Male) |
| 22:44 | Create | Monk |
| 22:50 | Create | Spearman |
| 23:32 | Create | Spearman |
| 24:04 | Build | Farm |
| 24:04 | Build | Farm |
| 24:15 | Build | Farm |
| 24:15 | Build | Farm |
| 24:16 | Build | Farm |
| 24:16 | Build | Farm |
| 24:16 | Build | Farm |
| 24:17 | Build | Farm |
| 24:17 | Build | Farm |
| 24:17 | Build | Farm |
| 24:17 | Build | Farm |
| 24:19 | Build | Farm |
| 24:20 | Build | Farm |
| 24:20 | Build | Farm |
| 24:20 | Build | Farm |
| 24:21 | Build | Farm |
| 24:21 | Build | Farm |
| 24:28 | Build | Farm |
| 24:28 | Build | Farm |
| 24:29 | Build | Farm |
| 24:29 | Build | Farm |
| 24:29 | Build | Farm |
| 24:30 | Build | Farm |
| 24:31 | Build | Farm |
| 24:53 | Build | House |
| 24:54 | Build | House |
| 24:56 | Build | House |
| 24:59 | Build | House |
| 25:00 | Build | House |
| 25:01 | Build | House |
| 26:11 | Create | Villager (Male) ×3 |
| 26:11 | Create | Villager (Male) ×3 |
| 26:11 | Create | Villager (Male) ×3 |
| 26:23 | Build | Farm |
| 26:35 | Create | Villager (Male) ×2 |
| 26:35 | Create | Villager (Male) ×2 |
| 27:03 | Create | Villager (Male) |
| 27:19 | Create | Villager (Male) ×2 |
| 27:19 | Create | Villager (Male) ×2 |
| 28:05 | Create | Villager (Male) ×4 |
| 28:06 | Create | Villager (Male) ×4 |
| 28:06 | Create | Villager (Male) ×4 |
| 28:17 | Build | Farm |
| 28:17 | Build | Farm |
| 28:18 | Build | Farm |
| 28:19 | Build | Farm |
| 28:28 | Build | Farm |
| 28:28 | Build | Farm |
| 28:29 | Build | Farm |
| 28:32 | Build | Farm |
| 28:42 | Create | Villager (Male) |
| 28:42 | Create | Villager (Male) |
| 28:48 | Create | Villager (Male) ×3 |
| 28:48 | Create | Villager (Male) ×3 |
| 29:03 | Research | Stone Mining |
| 29:07 | Create | Villager (Male) |
| 29:40 | Build | Farm |
| 29:50 | Create | Villager (Male) ×5 |
| 29:50 | Create | Villager (Male) ×5 |
| 30:09 | Research | Wheelbarrow |
| 30:25 | Create | Villager (Male) |
| 31:50 | Research | Imperial Age |
| 31:51 | Research | Imperial Age |
| 32:28 | Build | Town Center |
| 32:55 | Build | House |
| 32:57 | Build | House |
| 32:58 | Build | House |
| 32:59 | Build | House |
| 33:01 | Build | House |
| 33:02 | Build | House |
| 33:04 | Build | House |
| 33:05 | Build | House |
| 33:07 | Build | House |
| 33:08 | Build | House |
| 33:10 | Build | House |
| 33:11 | Build | House |
| 33:12 | Build | House |
| 33:14 | Build | House |
| 33:15 | Build | House |
Build order — 2100
First 150 of 252 actions detected
| 0:12 | Build | House |
| 0:25 | Create | Villager (Male) |
| 0:25 | Create | Villager (Male) |
| 0:25 | Create | Villager (Male) |
| 0:26 | Create | Villager (Male) |
| 0:26 | Create | Villager (Male) |
| 0:51 | Build | House |
| 1:46 | Build | House |
| 2:12 | Build | Lumber Camp |
| 2:17 | Create | Villager (Male) |
| 2:24 | Create | Villager (Male) |
| 3:10 | Create | Villager (Male) |
| 3:42 | Create | Villager (Male) |
| 3:57 | Create | Villager (Male) |
| 4:12 | Create | Villager (Male) |
| 4:36 | Create | Villager (Male) |
| 4:59 | Build | Mill |
| 5:23 | Create | Villager (Male) |
| 5:23 | Create | Villager (Male) |
| 6:14 | Build | House |
| 6:19 | Create | Villager (Male) |
| 6:19 | Create | Villager (Male) |
| 6:48 | Build | Farm |
| 6:50 | Create | Villager (Male) |
| 7:01 | Build | House |
| 7:15 | Build | Mining Camp |
| 7:44 | Create | Villager (Male) |
| 7:44 | Create | Villager (Male) |
| 7:44 | Create | Villager (Male) |
| 7:46 | Create | Villager (Male) |
| 7:46 | Create | Villager (Male) |
| 7:49 | Research | Loom |
| 8:05 | Build | House |
| 8:20 | Build | Farm |
| 8:28 | Build | Farm |
| 8:41 | Build | House |
| 9:00 | Build | Farm |
| 9:23 | Build | Farm |
| 9:47 | Create | Villager (Male) |
| 10:19 | Build | Barracks |
| 10:23 | Research | Feudal Age |
| 10:49 | Build | Farm |
| 11:13 | Build | Farm |
| 11:41 | Build | Farm |
| 12:12 | Build | Farm |
| 12:25 | Build | Farm |
| 12:27 | Age | Feudal Age |
| 12:28 | Create | Villager (Male) |
| 12:29 | Create | Villager (Male) |
| 12:29 | Create | Villager (Male) |
| 12:31 | Research | Double-Bit Axe |
| 12:34 | Research | Horse Collar |
| 13:00 | Build | Archery Range |
| 13:21 | Create | Villager (Male) |
| 13:21 | Create | Villager (Male) |
| 13:43 | Build | Blacksmith |
| 14:04 | Build | Farm |
| 14:11 | Create | Villager (Male) |
| 14:12 | Create | Villager (Male) |
| 14:13 | Create | Villager (Male) |
| 14:21 | Build | Farm |
| 14:28 | Build | Farm |
| 14:50 | Build | Mining Camp |
| 15:35 | Build | Farm |
| 15:45 | Create | Villager (Male) |
| 15:45 | Create | Villager (Male) |
| 15:45 | Create | Villager (Male) |
| 16:12 | Build | Farm |
| 16:20 | Build | Market |
| 16:38 | Build | Farm |
| 16:59 | Build | House |
| 17:05 | Create | Villager (Male) |
| 17:05 | Create | Villager (Male) |
| 17:05 | Create | Villager (Male) |
| 17:32 | Build | Farm |
| 17:40 | Build | Farm |
| 17:49 | Build | House |
| 17:52 | Build | Farm |
| 18:06 | Build | Farm |
| 18:10 | Research | Castle Age |
| 18:15 | Build | Farm |
| 18:30 | Build | Stable |
| 18:50 | Create | Spearman |
| 18:50 | Create | Spearman |
| 18:50 | Create | Spearman |
| 18:55 | Create | Skirmisher |
| 18:55 | Create | Skirmisher |
| 18:55 | Create | Skirmisher |
| 18:55 | Create | Skirmisher |
| 19:01 | Create | Spearman |
| 20:12 | Create | Villager (Male) |
| 20:12 | Create | Villager (Male) |
| 20:12 | Create | Villager (Male) |
| 20:17 | Build | House |
| 20:25 | Research | Gold Mining |
| 20:25 | Research | Stone Mining |
| 20:30 | Research | Forging |
| 20:32 | Research | Scale Barding Armor |
| 20:38 | Age | Castle Age |
| 21:07 | Create | Villager (Male) |
| 21:12 | Build | House |
| 21:16 | Research | Bloodlines |
| 21:24 | Build | Farm |
| 21:31 | Build | Monastery |
| 21:54 | Research | Wheelbarrow |
| 22:08 | Research | Scale Mail Armor |
| 22:08 | Research | Padded Archer Armor |
| 22:16 | Build | Farm |
| 22:22 | Build | Farm |
| 22:27 | Build | House |
| 22:51 | Research | Devotion |
| 23:16 | Create | Villager (Male) |
| 23:16 | Create | Villager (Male) |
| 23:16 | Create | Villager (Male) |
| 23:17 | Create | Villager (Male) |
| 23:19 | Create | Villager (Male) |
| 23:19 | Create | Villager (Male) |
| 23:20 | Create | Villager (Male) |
| 23:51 | Build | Farm |
| 23:54 | Research | Husbandry |
| 23:57 | Research | Forging |
| 24:08 | Build | Farm |
| 24:12 | Create | Monk |
| 24:20 | Build | Farm |
| 24:24 | Build | Farm |
| 24:37 | Create | Villager (Male) |
| 24:37 | Create | Villager (Male) |
| 24:41 | Research | Fletching |
| 24:51 | Build | Farm |
| 24:55 | Research | Bow Saw |
| 25:06 | Build | Farm |
| 25:17 | Build | Town Center |
| 25:29 | Build | Town Center |
| 25:37 | Create | Villager (Male) |
| 25:37 | Create | Villager (Male) |
| 25:38 | Create | Villager (Male) |
| 25:38 | Create | Villager (Male) |
| 25:48 | Create | Camel Scout |
| 25:49 | Create | Camel Scout |
| 26:11 | Create | Villager (Male) |
| 26:36 | Research | Gold Shaft Mining |
| 26:40 | Create | Villager (Male) |
| 26:43 | Create | Villager (Male) |
| 26:44 | Create | Villager (Male) |
| 26:44 | Create | Villager (Male) |
| 26:50 | Build | House |
| 27:16 | Research | Pikeman (upgrade) |
| 27:17 | Research | Squires |
| 27:28 | Create | Villager (Male) |
| 27:29 | Create | Villager (Male) |
Build order — 欢迎关注b站西里斯
First 150 of 598 actions detected
| 0:04 | Research | Loom |
| 0:54 | Create | Villager (Male) |
| 1:20 | Create | Villager (Male) |
| 1:28 | Build | Lumber Camp |
| 1:48 | Create | Villager (Male) |
| 2:20 | Create | Villager (Male) |
| 2:44 | Create | Villager (Male) |
| 3:28 | Build | House |
| 3:28 | Build | House |
| 3:32 | Create | Villager (Male) |
| 3:45 | Create | Villager (Male) |
| 4:01 | Create | Villager (Male) |
| 4:13 | Build | House |
| 4:23 | Build | Mill |
| 4:25 | Create | Villager (Male) |
| 4:30 | Build | House |
| 4:43 | Create | Villager (Male) |
| 4:44 | Create | Villager (Male) |
| 5:03 | Create | Villager (Male) |
| 5:33 | Create | Villager (Male) |
| 5:33 | Create | Villager (Male) |
| 6:18 | Create | Villager (Male) |
| 7:13 | Create | Villager (Male) |
| 7:28 | Build | Mining Camp |
| 7:34 | Create | Villager (Male) |
| 7:35 | Create | Villager (Male) |
| 7:35 | Create | Villager (Male) |
| 8:06 | Build | Farm |
| 8:07 | Build | Farm |
| 8:12 | Build | Farm |
| 8:16 | Build | Farm |
| 8:38 | Research | Feudal Age |
| 9:44 | Create | Villager (Male) |
| 9:44 | Create | Villager (Male) |
| 10:03 | Create | Villager (Male) |
| 11:08 | Age | Feudal Age |
| 11:14 | Build | Market |
| 11:18 | Build | Blacksmith |
| 12:18 | Research | Castle Age |
| 13:00 | Research | Double-Bit Axe |
| 13:04 | Research | Horse Collar |
| 13:23 | Create | Villager (Male) |
| 15:03 | Age | Castle Age |
| 15:07 | Build | Town Center |
| 15:14 | Research | Bow Saw |
| 15:19 | Build | Town Center |
| 15:27 | Create | Villager (Male) |
| 15:32 | Build | Farm |
| 15:49 | Create | Villager (Male) |
| 16:06 | Build | Farm |
| 16:09 | Create | Villager (Male) |
| 16:20 | Create | Villager (Male) |
| 16:22 | Build | Farm |
| 16:24 | Create | Villager (Male) |
| 16:33 | Build | Farm |
| 16:34 | Create | Villager (Male) |
| 16:37 | Build | Farm |
| 16:38 | Build | Farm |
| 16:40 | Create | Villager (Male) |
| 16:48 | Build | Farm |
| 16:51 | Build | Farm |
| 16:52 | Build | Farm |
| 16:52 | Build | Farm |
| 17:00 | Build | Farm |
| 17:02 | Build | Farm |
| 17:03 | Build | Farm |
| 17:04 | Create | Villager (Male) |
| 17:07 | Build | Farm |
| 17:08 | Build | Farm |
| 17:09 | Build | Farm |
| 17:16 | Build | Farm |
| 17:28 | Build | Farm |
| 17:28 | Create | Villager (Male) |
| 17:32 | Create | Villager (Male) |
| 17:42 | Build | Farm |
| 17:51 | Create | Villager (Male) |
| 18:00 | Build | Farm |
| 18:01 | Create | Villager (Male) |
| 18:05 | Build | Farm |
| 18:10 | Create | Villager (Male) |
| 18:11 | Create | Villager (Male) |
| 18:18 | Build | House |
| 18:19 | Build | House |
| 18:21 | Create | Villager (Male) |
| 18:21 | Create | Villager (Male) |
| 18:35 | Create | Villager (Male) |
| 18:35 | Create | Villager (Male) |
| 18:35 | Create | Villager (Male) |
| 18:39 | Build | Farm |
| 18:45 | Build | Farm |
| 18:48 | Create | Villager (Male) |
| 18:53 | Build | Farm |
| 18:56 | Create | Villager (Male) |
| 18:56 | Create | Villager (Male) |
| 19:12 | Build | House |
| 19:23 | Create | Villager (Male) |
| 19:24 | Create | Villager (Male) |
| 19:28 | Research | Heavy Plow |
| 19:37 | Build | Farm |
| 19:42 | Create | Villager (Male) |
| 19:43 | Create | Villager (Male) |
| 19:49 | Build | Farm |
| 19:51 | Create | Villager (Male) |
| 19:54 | Build | House |
| 19:54 | Build | House |
| 19:58 | Create | Villager (Male) |
| 20:03 | Create | Villager (Male) |
| 20:07 | Build | Farm |
| 20:11 | Create | Villager (Male) |
| 20:24 | Research | Gold Mining |
| 20:26 | Build | House |
| 20:32 | Create | Villager (Male) |
| 20:37 | Build | Farm |
| 20:39 | Build | Farm |
| 20:42 | Build | Farm |
| 20:46 | Build | Farm |
| 20:47 | Create | Villager (Male) |
| 20:55 | Create | Villager (Male) |
| 20:59 | Build | Farm |
| 21:00 | Create | Villager (Male) |
| 21:03 | Build | Farm |
| 21:07 | Research | Wheelbarrow |
| 21:10 | Create | Villager (Male) |
| 21:12 | Build | House |
| 21:15 | Build | House |
| 21:17 | Create | Villager (Male) |
| 21:24 | Build | Farm |
| 21:26 | Create | Villager (Male) |
| 21:27 | Create | Villager (Male) |
| 21:36 | Research | Stone Mining |
| 21:37 | Create | Villager (Male) |
| 21:39 | Build | House |
| 21:40 | Build | House |
| 21:41 | Build | House |
| 21:42 | Build | House |
| 21:53 | Create | Villager (Male) |
| 21:58 | Create | Villager (Male) |
| 22:07 | Create | Villager (Male) |
| 22:17 | Build | University |
| 22:20 | Create | Villager (Male) |
| 22:21 | Create | Villager (Male) |
| 22:26 | Research | Gold Shaft Mining |
| 22:44 | Build | House |
| 22:50 | Create | Villager (Male) |
| 23:01 | Research | Hand Cart |
| 23:03 | Create | Villager (Male) |
| 23:04 | Create | Villager (Male) |
| 23:26 | Create | Villager (Male) |
| 23:29 | Build | House |
| 23:30 | Build | House |
Build order — d-kop
First 150 of 241 actions detected
| 0:36 | Build | House |
| 0:37 | Build | House |
| 0:38 | Build | House |
| 0:40 | Build | House |
| 0:44 | Research | Loom |
| 0:44 | Create | Villager (Male) |
| 0:45 | Create | Villager (Male) |
| 0:45 | Create | Villager (Male) |
| 0:45 | Create | Villager (Male) |
| 0:46 | Create | Villager (Male) |
| 2:25 | Create | Villager (Male) |
| 2:25 | Create | Villager (Male) |
| 2:44 | Create | Villager (Male) |
| 2:57 | Build | Mill |
| 3:33 | Create | Villager (Male) |
| 3:33 | Create | Villager (Male) |
| 4:36 | Create | Villager (Male) |
| 4:36 | Create | Villager (Male) |
| 4:36 | Create | Villager (Male) |
| 4:37 | Create | Villager (Male) |
| 5:12 | Create | Villager (Male) |
| 5:12 | Create | Villager (Male) |
| 5:13 | Create | Villager (Male) |
| 7:14 | Create | Villager (Male) |
| 7:14 | Create | Villager (Male) |
| 7:15 | Create | Villager (Male) |
| 7:15 | Create | Villager (Male) |
| 7:15 | Create | Villager (Male) |
| 9:18 | Build | Mule Cart |
| 10:10 | Research | Feudal Age |
| 12:20 | Age | Feudal Age |
| 12:20 | Research | Wheelbarrow |
| 13:02 | Research | Double-Bit Axe |
| 13:42 | Create | Villager (Male) |
| 13:42 | Create | Villager (Male) |
| 13:42 | Create | Villager (Male) |
| 13:43 | Create | Villager (Male) |
| 13:43 | Create | Villager (Male) |
| 13:44 | Create | Villager (Male) |
| 13:44 | Create | Villager (Male) |
| 14:15 | Build | Farm |
| 14:16 | Build | Farm |
| 14:17 | Build | Farm |
| 14:19 | Build | Farm |
| 14:21 | Build | Farm |
| 14:22 | Build | Farm |
| 14:25 | Build | Farm |
| 14:26 | Build | Farm |
| 14:26 | Build | Farm |
| 14:28 | Build | Farm |
| 14:29 | Build | Farm |
| 14:30 | Build | Farm |
| 14:39 | Create | Villager (Male) |
| 14:40 | Create | Villager (Male) |
| 14:40 | Create | Villager (Male) |
| 15:32 | Research | Horse Collar |
| 15:51 | Research | Gold Mining |
| 16:08 | Build | House |
| 16:11 | Build | House |
| 16:13 | Build | House |
| 16:15 | Build | House |
| 18:05 | Create | Villager (Male) |
| 18:05 | Create | Villager (Male) |
| 18:05 | Create | Villager (Male) |
| 18:06 | Create | Villager (Male) |
| 18:06 | Create | Villager (Male) |
| 18:06 | Create | Villager (Male) |
| 18:06 | Create | Villager (Male) |
| 18:07 | Create | Villager (Male) |
| 18:07 | Create | Villager (Male) |
| 18:07 | Create | Villager (Male) |
| 18:07 | Create | Villager (Male) |
| 18:08 | Create | Villager (Male) |
| 18:24 | Build | Blacksmith |
| 18:40 | Create | Villager (Male) |
| 18:40 | Create | Villager (Male) |
| 18:41 | Create | Villager (Male) |
| 18:41 | Create | Villager (Male) |
| 19:22 | Build | Barracks |
| 20:06 | Build | Farm |
| 20:09 | Build | Farm |
| 20:11 | Build | Farm |
| 20:12 | Build | Farm |
| 20:13 | Build | Farm |
| 20:15 | Build | Farm |
| 21:18 | Build | Farm |
| 21:18 | Build | Farm |
| 21:49 | Research | Forging |
| 21:50 | Research | Scale Barding Armor |
| 21:52 | Research | Fletching |
| 23:42 | Build | Stable |
| 23:43 | Build | Stable |
| 23:44 | Build | Stable |
| 24:32 | Build | Mule Cart |
| 24:36 | Create | Villager (Male) |
| 24:37 | Create | Villager (Male) |
| 24:37 | Create | Villager (Male) |
| 24:37 | Create | Villager (Male) |
| 24:37 | Create | Villager (Male) |
| 25:18 | Research | Bloodlines |
| 25:26 | Research | Castle Age |
| 25:33 | Research | Castle Age |
| 26:37 | Build | Stable |
| 26:39 | Build | Stable |
| 26:49 | Research | Stone Mining |
| 28:32 | Age | Castle Age |
| 28:33 | Research | Hand Cart |
| 28:33 | Research | Hand Cart |
| 28:38 | Research | Bow Saw |
| 28:39 | Research | Stone Shaft Mining |
| 28:50 | Build | University |
| 29:06 | Research | Husbandry |
| 29:09 | Research | Iron Casting |
| 29:10 | Research | Chain Barding Armor |
| 29:11 | Research | Bodkin Arrow |
| 29:18 | Research | Heavy Plow |
| 29:38 | Create | Villager (Male) |
| 29:39 | Create | Villager (Male) |
| 29:39 | Create | Villager (Male) |
| 29:39 | Create | Villager (Male) |
| 30:10 | Build | Market |
| 30:12 | Build | Market |
| 30:15 | Build | Market |
| 30:17 | Build | Market |
| 30:43 | Build | Castle |
| 30:48 | Research | Treadmill Crane |
| 30:49 | Research | Masonry |
| 30:50 | Research | Fortified Wall (upgrade) |
| 30:51 | Research | Murder Holes |
| 32:26 | Research | Town Watch |
| 32:27 | Create | Villager (Male) |
| 32:27 | Create | Villager (Male) |
| 32:28 | Create | Villager (Male) |
| 32:34 | Create | Villager (Male) |
| 32:34 | Create | Villager (Male) |
| 32:34 | Create | Villager (Male) |
| 32:34 | Create | Villager (Male) |
| 32:34 | Create | Villager (Male) |
| 32:34 | Create | Villager (Male) |
| 32:35 | Create | Villager (Male) |
| 32:35 | Create | Villager (Male) |
| 32:35 | Create | Villager (Male) |
| 32:35 | Create | Villager (Male) |
| 32:35 | Create | Villager (Male) |
| 33:03 | Build | Monastery |
| 34:06 | Build | Mule Cart |
| 35:17 | Research | Imperial Age |
| 35:29 | Build | Town Center |
| 37:17 | Research | Ballistics |
| 38:36 | Research | Caravan |
Match timeline
| 9:17 | 洋小蛋 · first_building Barracks |
| 10:19 | 2100 · first_building Barracks |
| 10:38 | stone wall cleaner · age_up feudal |
| 10:58 | 洋小蛋 · age_up feudal |
| 11:03 | stone wall elite · age_up feudal |
| 11:08 | 欢迎关注b站西里斯 · age_up feudal |
| 11:10 | 洋小蛋 · first_building Stable |
| 11:33 | shadowdxg · wall_segment Palisade Wall x1 |
| 12:20 | d-kop · age_up feudal |
| 12:27 | 2100 · age_up feudal |
| 12:57 | shadowdxg · age_up feudal |
| 13:00 | 2100 · first_building Archery Range |
| 14:12 | stone wall cleaner · age_up castle |
| 14:34 | stone wall elite · age_up castle |
| 14:53 | 洋小蛋 · age_up castle |
| 14:55 | 洋小蛋 · first_building Monastery |
| 15:03 | 欢迎关注b站西里斯 · age_up castle |
| 15:36 | Real ninja7238 · first_building Monastery |
| 15:53 | shadowdxg · first_building Barracks |
| 18:25 | Real ninja7238 · first_building Barracks |
| 18:30 | 2100 · first_building Stable |
| 18:41 | shadowdxg · age_up castle |
| 19:22 | d-kop · first_building Barracks |
| 20:38 | 2100 · age_up castle |
| 21:31 | 2100 · first_building Monastery |
| 21:43 | shadowdxg · first_building Monastery |
| 23:31 | stone wall cleaner · first_building Castle |
| 23:42 | d-kop · first_building Stable |
| 23:52 | stone wall elite · first_building Castle |
| 23:55 | Real ninja7238 · first_market_buy 100 stone |
| 24:15 | stone wall cleaner · first_building Monastery |
| 24:49 | 欢迎关注b站西里斯 · first_building Castle |
| 25:42 | 欢迎关注b站西里斯 · first_building Siege Workshop |
| 25:46 | stone wall cleaner · first_building Barracks |
| 26:01 | stone wall elite · first_market_sell 100 food |
| 26:17 | stone wall elite · first_building Monastery |
| 26:41 | stone wall elite · first_building Barracks |
| 27:04 | 欢迎关注b站西里斯 · first_building Barracks |
| 27:32 | stone wall elite · first_building Stable |
| 27:52 | 欢迎关注b站西里斯 · first_building Monastery |
| 28:11 | stone wall cleaner · first_building Stable |
| 28:32 | d-kop · age_up castle |
| 28:33 | stone wall cleaner · age_up imperial |
| 28:34 | 欢迎关注b站西里斯 · first_building Archery Range |
| 28:54 | stone wall cleaner · wall_segment Stone Wall x92 |
| 29:21 | 欢迎关注b站西里斯 · age_up imperial |
| 29:29 | stone wall elite · age_up imperial |
| 29:55 | 2100 · first_market_sell 100 wood |
| 30:25 | 2100 · first_building Castle |
| 30:36 | stone wall elite · first_building Siege Workshop |
| 30:43 | d-kop · first_building Castle |
| 31:26 | Real ninja7238 · first_building Castle |
| 32:48 | 洋小蛋 · age_up imperial |
| 33:03 | d-kop · first_building Monastery |
| 33:57 | 洋小蛋 · first_building Castle |
| 34:56 | 欢迎关注b站西里斯 · first_building Stable |
| 35:00 | shadowdxg · age_up imperial |
| 35:20 | 2100 · age_up imperial |
| 35:27 | 2100 · first_market_buy 100 stone |
| 38:49 | shadowdxg · first_building Castle |
| 39:06 | 2100 · wall_segment Stone Wall x5 |
| 41:12 | d-kop · age_up imperial |
| 41:33 | d-kop · first_market_sell 100 wood |
| 42:05 | Real ninja7238 · first_market_sell 100 wood |
| 44:53 | Real ninja7238 · wall_segment Palisade Wall x1 |
| 44:55 | Real ninja7238 · wall_segment Palisade Wall x1 |
| 44:59 | Real ninja7238 · wall_segment Palisade Wall x1 |
| 50:23 | Real ninja7238 · first_building Siege Workshop |
| 51:49 | Real ninja7238 · resign |
[ AI ANALYSIS · 1 CREDIT ]
What really happened in this match?
Wolo.gg analyzes every decision: build order, eco, micro, common mistakes by bracket. Personalized analysis on WhatsApp or Discord in 30 seconds.
Civ guide
Lithuanians
Map guide
Arena
Perfil
Jugador #4168686